 Dungeon Crawl Stone Soup version 0.26-a0-812-g31a745ddcd (webtiles) character file.

Game seed: 1306834929591080731

3109 kae the Ruffian (level 9, -1/81 HPs)
             Began as a Naga Transmuter on Nov 30, 2020.
             Was an Initiate of Cheibriados.
             Slain by a polar bear (10 damage)
             ... on level 8 of the Dungeon.
             The game lasted 00:06:56 (12393 turns).

kae the Ruffian (Naga Transmuter)                  Turns: 12393, Time: 00:06:57

Health: -1/81      AC:  2    Str: 17    XL:     9   Next: 91%
Magic:  14/16      EV: 22    Int: 15    God:    Cheibriados [......]
Gold:   568        SH:  0    Dex: 17    Spells: 5/18 levels left

rFire    + . .     SeeInvis +     - Unarmed
rCold    . . .     Faith    .   (shield currently unavailable)
rNeg     . . .     Spirit   .   (armour currently unavailable)
rPois    x         Reflect  .   (helmet currently unavailable)
rElec    .         Harm     .   (cloak currently unavailable)
rCorr    .         Rampage  .   (gloves currently unavailable)
MR       +....                  (no barding)
Stlth    ++........             o - amulet of the acrobat
HPRegen  0.23/turn              i - ring of protection from fire
MPRegen  0.15/turn              k - ring of wizardry

@: short of breath, spider-form, very slow
A: tiny, see invisible, spit poison 1, AC +3
a: Spit Poison, End Transformation, Bend Time, Renounce Religion


You were on level 8 of the Dungeon.
You worshipped Cheibriados.
Cheibriados was noncommittal.
You were a venomous arachnid creature.
You visited 2 branches of the dungeon, and saw 10 of its levels.
You also visited: Ossuary.

You collected 568 gold pieces.

Inventory:

Armour
 a - a +1 robe (melded)
Jewellery
 i - a ring of protection from fire (left front leg)
 j - an uncursed ring of fire {unknown}
 k - a ring of wizardry (right front leg)
 o - an amulet of the acrobat (around neck)
Wands
 d - a wand of random effects (18)
 g - a wand of iceblast (20)
 s - a wand of paralysis (12)
Scrolls
 c - 3 scrolls of identify
 e - 6 scrolls of teleportation
 h - 5 scrolls of remove curse
 t - a scroll of fog
 u - 2 scrolls of magic mapping
Potions
 b - a potion of mutation
 f - 3 potions of might
 l - 7 potions of curing
 m - a potion of invisibility
 n - a potion of lignification
 p - a potion of heal wounds
 q - a potion of flight
 r - 5 potions of degeneration


   Skills:
 + Level 5.0 Fighting
 + Level 4.4 Dodging
 * Level 7.9 Unarmed Combat
 + Level 5.0 Spellcasting
 * Level 7.5 Transmutations


You had 5 spell levels left.
You knew the following spells:

 Your Spells              Type           Power        Failure   Level
a - Beastly Appendage     Tmut           ####..       1%          1
b - Spider Form           Tmut/Pois      ###.......   11%         3
c - Blade Hands           Tmut           ####......   17%         5
d - Ice Form              Ice/Tmut       ###.....     26%         4

Your spell library contained the following spells:

 Spells                   Type           Power        Failure   Level
 Wereblood                Tmut           ####....     2%          2
 Freeze                   Ice            #...         14%         1
 Frozen Ramparts          Ice            #.....       32%         3
 Ozocubu's Armour         Ice            #.......     32%         3
 Hailstorm                Conj/Ice       #.......     67%         4
 Leda's Liquefaction      Hex/Erth       #.........   67%         4
 Summon Ice Beast         Ice/Summ       #.......     67%         4
 Bolt of Magma            Conj/Fire/Erth #.........   92%         5
 Statue Form              Tmut/Erth      ###......    95%         6
 Iron Shot                Conj/Erth      #.........   100%        6
 Shatter                  Erth           #.........   100%        9


Dungeon Overview and Level Annotations

Branches:
Dungeon (9/15)             Temple (1/1) D:4         Ossuary (visited)
   Lair: D:8-11         Orc: D:9-12

Altars:
Ashenzari
Cheibriados
Dithmenos
Elyvilon
Fedhas
Gozag
Hepliaklqana
Kikubaaqudgha
Makhleb
Nemelex Xobeh
Okawaru
Qazlal
Sif Muna
Trog
Uskayaw
Vehumet
Wu Jian
Xom
Yredelemnul
Zin
The Shining One

Shops:
D:7 *


Innate Abilities, Weirdness & Mutations

You cannot wear boots.
((Your serpentine skin is tough. (AC +3)))
You have supernaturally acute eyesight. (SInv)
((Armour fits poorly on your strangely shaped body.))
((Your system is resistant to poisons. (rPois)))
((You cover ground very slowly.))
You can spit poison.


Message History

Press: ? - help, Shift-Dir - straight line, f - polar bear
Aim: a polar bear (heavily wounded, extremely poisoned)
The splash of poison misses the polar bear.
The polar bear goes berserk!
You are too injured to fight recklessly!
You are too injured to fight recklessly!
You are too injured to fight recklessly!
You are too injured to fight recklessly!
You hit the polar bear but do no damage.
The polar bear looks as sick as possible!
The polar bear is severely wounded.
The polar bear closely misses you. x3
You hit the polar bear but do no damage.
The polar bear is severely wounded.
The polar bear bites you!!
* * * LOW HITPOINT WARNING * * *
The polar bear claws you.
* * * LOW HITPOINT WARNING * * *
The polar bear misses you. The polar bear bites you!
You die...

####### ## ##### #.....# #######
#.
....######..(..######.....######.
....##.........#.................
...............#'####.....#.#####
....................#.....#.###..
......###.....?.....+............
......#.'....#...h..#(....#......
......#.#....'..s.........#).....
##....#......#.############.#'#..
#..........#..##########8#)#.#..
#..<.......#..##.#.#.#.#.8.#.#..
#..........#..#_...........#.#.#
#..........#..##.............#.#
#...#.##...#..#_.#.#.#.#.8.#...#
#......#......####.#⌠#####.'.)..
#####..#.#.#..############.#....


You could see a polar bear (berserk, extremely poisoned).

Vanquished Creatures
  A hornet (D:8)
  2 water moccasins (D:7)
  Edmund (D:6)
  A sky beast (D:8)
  A phantom (D:3)
  A black bear (D:8)
  3 ogres
  A centaur (D:5)
  An elf zombie (Ossuary)
  3 bullfrogs
  A wyvern zombie (D:8)
  A scorpion (D:4)
  A water moccasin skeleton (D:6)
  5 killer bees
  6 wights
  A centaur zombie (D:8)
  A quasit (D:6)
  2 hounds
  An orc priest (D:8)
  A jelly (D:7)
  Jessica (D:3)
  3 iguanas
  9 orc wizards
  7 worker ants
  A hound zombie (Ossuary)
  4 mummies (Ossuary)
  3 gnolls (D:3)
  A howler monkey skeleton (D:6)
  10 adders
  A shadow imp (D:5)
  3 white imps
  An ufetubus (D:7)
  3 adder zombies
  An adder skeleton (D:8)
  A worm (D:4)
  2 dart slugs
  7 leopard geckos
  31 orcs
  A ball python (D:3)
  10 bats
  2 giant cockroaches
  2 gnoll zombies (Ossuary)
  8 goblins
  7 hobgoblins
  8 jackals
  4 quokkas
  2 frilled lizards
  2 jackal skeletons
  2 jackal zombies (Ossuary)
  2 kobolds (D:3)
  A kobold zombie (Ossuary)
  An orc zombie (Ossuary)
  4 rats
  4 rat zombies
184 creatures vanquished.

Vanquished Creatures (others)
  An orc wizard (D:8)
  2 plants (D:8)
3 creatures vanquished.

Grand Total: 187 creatures vanquished

Notes
Turn   | Place    | Note
-------+----------+-------------------------------------------
     0 | D:1      | kae the Naga Transmuter began the quest for the Orb.
     0 | D:1      | Reached XP level 1. HP: 18/18 MP: 3/3
   484 | D:1      | Reached XP level 2. HP: 16/25 MP: 3/5
  1462 | D:2      | Reached XP level 3. HP: 31/31 MP: 6/6
  1467 | D:2      | Learned a level 3 spell: Spider Form
  1794 | D:2      | Found a shadowy altar of Dithmenos.
  2475 | D:3      | Noticed Jessica
  2484 | D:3      | Killed Jessica
  2484 | D:3      | Reached XP level 4. HP: 22/38 MP: 5/7
  2788 | D:3      | Noticed a phantom
  3044 | D:3      | Reached XP level 5. HP: 19/45 MP: 2/8
  3046 | D:3      | Killed a phantom
  3264 | D:3      | Reached XP level 6. HP: 52/52 MP: 6/10
  3464 | D:3      | Found a white marble altar of Elyvilon.
  3928 | D:4      | Reached XP level 7. HP: 33/61 MP: 7/11
  4302 | D:4      | Reached skill level 5 in Unarmed Combat
  4530 | D:4      | Found an ancient bone altar of Kikubaaqudgha.
  4562 | D:4      | Found a staircase to the Ecumenical Temple.
  4794 | D:4      | Found an iron altar of Okawaru.
  4842 | D:4      | Found an opulent altar of Gozag.
  5393 | D:5      | Entered Level 5 of the Dungeon
  7153 | D:6      | Noticed Edmund
  7164 | D:6      | Killed Edmund
  7164 | D:6      | Reached skill level 5 in Transmutations
  7164 | D:6      | Reached XP level 8. HP: 56/69 MP: 10/13
  7428 | D:6      | Found a sand-covered staircase.
  7432 | Ossuary  | Entered an ossuary
  9100 | D:7      | Found a sparkling altar of Nemelex Xobeh.
  9298 | D:7      | Learned a level 5 spell: Blade Hands
  9303 | D:7      | Learned a level 4 spell: Ice Form
  9521 | D:7      | Reached XP level 9. HP: 47/78 MP: 12/15
 10027 | D:7      | Found Vueklabo's Serpentskin Sales.
 11099 | D:8      | Noticed a hornet
 11103 | D:8      | Paralysed by a hornet for 2 turns
 11107 | D:8      | Paralysed by a hornet for 2 turns
 11110 | D:8      | Killed a hornet
 11110 | D:8      | Reached skill level 5 in Spellcasting
 11633 | D:8      | Found an opulent altar of Gozag.
 11656 | D:8      | Reached skill level 5 in Fighting
 11865 | D:8      | Found a glowing golden altar of the Shining One.
 11954 | D:8      | Found a hazy altar of Hepliaklqana.
 11954 | D:8      | Found an ornate altar of the Wu Jian Council.
 12198 | Temple   | Entered the Ecumenical Temple
 12252 | Temple   | Became a worshipper of Cheibriados the Contemplative
 12378 | D:9      | Noticed a polar bear
 12378 | D:9      | Noticed a polar bear
 12393 | D:8      | Slain by a polar bear

Illustrated notes

Levels and vault maps discovered:
D:1:      sevenhm_arrival_forest_fort_small_3, layout_basic
D:2:      layout_basic, general_overflow_altar
D:3:      layout_rooms, nicolae_overflow_crystal_walls, uniq_jessica
D:4:      layout_loops_ring, lemuel_zombie_altar_kikubaaqudgha,
          okawaru_gym_becter, lemuel_crystal_altar, minmay_temple_entry_mist,
          st_stairs_6, minmay_diced_spiral
D:5:      layout_layer_cave
D:6:      layout_loops_ring, enter_ossuary_5, uniq_edmund
D:7:      layout_cave_pods, lemuel_crystal_altar, st_stairs_13,
          guppyfry_shop_venom
D:8:      layout_basic, minitemple, tso_oasis_becter,
          nicolae_gozag_cash_rules_everything_around_me
D:9:      layout_gridville, overflow_temple_1_default, serial_ice, serial_ice_h,
          serial_ice_e, serial_ice_g, serial_ice_m, serial_ice_f, serial_ice_j,
          serial_ice_c
Temple:   nicolae_temple_x_marks_the_god

Skill      XL: |  1  2  3  4  5  6  7  8  9 |
---------------+----------------------------+-----
Dodging        | 2 3 4 |  4.4
Transmutations | 3 4 5 6 7 |  7.5
Fighting       | 2 3 4 5 |  5.0
Unarmed Combat | 4 5 6 7 |  7.9
Spellcasting   | 3 4 5 |  5.0

Action                   |  1- 3 |  4- 6 |  7- 9 || total
-------------------------+-------+-------+-------++-------
Melee: Unarmed           |   110 |   104 |   408 ||   622
       Headbutt          |    10 |     1 |       ||    11
       Punch             |     1 |       |     7 ||     8
 Cast: Beastly Appendage |    17 |       |     2 ||    19
       Spider Form       |       |    12 |    47 ||    59
       Blade Hands       |       |       |     6 ||     6
 Abil: Spit Poison       |    25 |    10 |    36 ||    71
  Use: Scroll            |       |     7 |    12 ||    19
       Potion            |       |     3 |     1 ||     4
 Stab: Sleeping          |     1 |       |       ||     1
Armor: Robe              |    40 |     9 |    19 ||    68
       Skin              |       |     2 |    22 ||    24
Dodge: Dodged            |    95 |   111 |   537 ||   743

Table legend: (Time is in decaauts)
 A = Elapsed time spent in this place.
 B = Non-inter-level travel time spent in this place.
 C = Inter-level travel time spent in this place.
 D = Time resting spent in this place.
 E = Time spent auto-exploring this place.
 F = Levels seen in this place.
 G = Mean time per level.
                   A        B        C        D        E       F      G
               +--------+--------+--------+--------+--------+-----+--------+
         Total |  14387 |  13747 |    640 |   1786 |  10451 |  11 | 1307.9 |
       Dungeon |  13674 |  13050 |    624 |   1494 |  10176 |   9 | 1519.3 |
        Temple |     92 |     76 |     16 |      0 |     70 |   1 |   92.0 |
       Ossuary |    619 |    619 |      0 |    292 |    205 |   1 |  619.0 |
               +--------+--------+--------+--------+--------+-----+--------+

Top non-repeatable levels by time:
     D:8: 2059 daAuts
     D:5: 2052 daAuts
     D:4: 1893 daAuts
     D:7: 1716 daAuts
     D:1: 1598 daAuts
     D:6: 1553 daAuts
     D:3: 1458 daAuts
     D:2: 1295 daAuts
 Ossuary: 619 daAuts
  Temple: 92 daAuts
     D:9: 46 daAuts
